Map: Oceanborn LE

Players

trigger - Winner!

  • Race: Protoss Protoss
  • League: Grandmaster
  • Spawn Location: 5:00

Mixu

  • Race: Zerg Zerg
  • League: Grandmaster
  • Spawn Location: 11:00

Event: HomeStory Cup XXV

VOD

Have the link to the VOD?

Description

Time

  • Played on: June 22, 2024, 12:36 p.m.
  • Length: 14:32

All games in this series

Show
View Real Time Build Order
Export as new Build Order

trigger Protoss - Winner!

Build Orders: 1 Gate Expand, Oracle Opening, Chargelot Immortal 

Get SALT Encoding   

  12  0:00  Probe  
  13  0:12  Probe  
  14  0:19  Pylon  
  14  0:24  Probe  
  15  0:37  Probe (Chrono Boost)  
  15  0:38  Gateway  
  16  0:46  Probe (Chrono Boost)  
  17  0:51  Probe  
  18  1:11  Nexus  
  18  1:16  Assimilator  
  18  1:19  Probe (Chrono Boost)  
  19  1:28  Probe (Chrono Boost)  
  19  1:32  Cybernetics Core  
  20  1:33  Probe (Chrono Boost)  
  21  1:41  Assimilator  
  21  1:45  Probe  
  22  1:49  Pylon  
  22  1:57  Probe  
  23  2:05  Adept (Chrono Boost)  
  23  2:09  Probe  
  26  2:21  Probe  
  27  2:23  Probe  
  27  2:27  Stargate  
  27  2:29  Adept (Chrono Boost)  
  28  2:33  Probe  
  28  2:36  Probe  
  32  2:44  Warp Gate  
  32  2:45  Probe  
  32  2:48  Probe  
  34  2:52  Adept  
  34  2:57  Probe  
  37  3:00  Probe  
  38  3:10  Probe  
  38  3:12  Oracle (Chrono Boost), Probe  
  41  3:22  Probe  
  41  3:26  Probe  
  43  3:29  Pylon  
  43  3:30  Nexus  
  43  3:37  Gateway  
  43  3:39  Gateway  
  43  3:40  Probe  
  43  3:45  Probe  
  43  3:47  Oracle (Chrono Boost)  
  44  3:52  Probe  
  48  3:57  Probe  
  48  4:00  Pylon  
  49  4:03  Assimilator  
  49  4:04  Probe  
  49  4:06  Robotics Facility  
  49  4:09  Probe  
  51  4:12  Pylon  
  51  4:16  Probe  
  52  4:21  Probe  
  53  4:24  Twilight Council  
  53  4:25  Forge  
  53  4:28  Shield Battery, Probe (Chrono Boost)  
  54  4:34  Probe (Chrono Boost)  
  55  4:40  Probe (Chrono Boost)  
  55  4:45  Probe (Chrono Boost)  
  57  4:48  Probe (Chrono Boost)  
  57  4:49  Probe (Chrono Boost)  
  57  4:51  Probe (Chrono Boost)  
  60  4:54  Immortal (Chrono Boost)  
  60  4:58  Probe (Chrono Boost)  
  60  4:59  Charge  
  66  5:00  Probe (Chrono Boost)  
  66  5:03  Probe (Chrono Boost)  
  66  5:04  Probe (Chrono Boost)  
  67  5:07  Probe (Chrono Boost)  
  67  5:08  Gateway x2  
  67  5:10  Protoss Ground Weapons Level 1 (Chrono Boost)  
  67  5:18  Gateway  
  67  5:19  Gateway  
  67  5:30  Warp Prism (Chrono Boost)  
  67  5:31  Gateway  
  67  5:32  Gateway  
  67  5:34  Gateway  
  69  5:36  Pylon  
  69  5:41  Stalker x2  
  73  5:50  Gateway  
  73  5:53  Gateway  
  73  6:04  Zealot x4  
  73  6:06  Observer (Chrono Boost)  
  73  6:07  Pylon  
  73  6:08  Pylon  
  82  6:16  Zealot  
  82  6:17  Zealot  
  86  6:21  Pylon  
  86  6:23  Pylon  
  83  6:33  Zealot x7  
  83  6:36  Zealot  
  83  6:37  Zealot  
  97  6:41  Zealot x2  
  101  6:48  Zealot x2  
  101  6:53  Zealot x5  
  101  6:54  Zealot x2  
  107  6:58  Immortal  
  94  7:11  Zealot x4  
  91  7:20  Zealot x7  
  97  7:24  Protoss Ground Weapons Level 2 (Chrono Boost)  
  91  7:32  Zealot x2  
  91  7:33  Zealot x2  
  93  7:38  Immortal (Chrono Boost)  
  89  8:08  Zealot x11  
  89  8:11  Immortal (Chrono Boost)  
  93  8:15  Assimilator, Probe x3  
  96  8:27  Probe  
  96  8:29  Zealot x11  
  96  8:33  Nexus  
  117  8:48  Immortal (Chrono Boost)  
  116  8:49  Zealot x4  
  116  8:50  Zealot x2  
  92  9:09  Pylon  
  80  9:11  Oracle (Chrono Boost)  
  80  9:12  Zealot x4  
  91  9:18  Immortal (Chrono Boost)  
  91  9:21  Zealot x5, Pylon  
  105  9:26  Shield Battery  
  105  9:34  Sentry x3  
  107  9:41  Zealot x2  
  107  9:42  Zealot x4  
  109  9:57  Immortal (Chrono Boost)  
  105  10:07  Nexus  
  105  10:09  Protoss Ground Armor Level 1 (Chrono Boost)  
  104  10:14  Probe x2  
  104  10:16  Assimilator x2, Probe  
  104  10:17  Assimilator, Blink (Chrono Boost)  
  104  10:18  Pylon  
  106  10:24  Zealot x4  
  106  10:25  Zealot x2  
  118  10:31  Zealot  
  120  10:36  Zealot  
  120  10:37  Zealot x2  
  120  10:40  Zealot x2  
  120  10:42  Zealot x2  
  122  10:49  Immortal  
  122  10:54  Pylon  
  121  10:59  Probe  
  121  11:00  Probe  
  114  11:05  Zealot x4  
  114  11:09  Zealot  
  114  11:11  Probe  
  112  11:12  Probe  
  109  11:19  Zealot  
  107  11:27  Probe (Chrono Boost)  
  107  11:28  Probe x2 (Chrono Boost)  
  107  11:31  Immortal (Chrono Boost)  
  111  11:36  Probe (Chrono Boost)  
  111  11:39  Pylon  
  117  11:41  Sentry x2  
  119  11:47  Probe  
  119  11:49  Stalker x2  
  119  11:50  Stalker, Protoss Ground Weapons Level 3 (Chrono Boost)  
  126  12:01  Templar Archives  
  126  12:04  Probe  
  126  12:08  Shield Battery  
  123  12:16  Zealot x2  
  123  12:17  Zealot x2  
  123  12:20  Zealot x2  
  127  12:28  Probe (Chrono Boost)  
  128  12:33  Probe x2 (Chrono Boost)  
  128  12:34  Probe (Chrono Boost)  
  128  12:35  Phoenix  
  127  12:37  Probe (Chrono Boost)  
  127  12:40  Immortal (Chrono Boost)  
  127  12:41  Probe x2 (Chrono Boost)  
  130  12:52  High Templar x6  
  130  12:56  Photon Cannon  
  142  12:58  Archon  
  142  12:59  Archon x2, Pylon  
  142  13:00  Pylon  
  142  13:01  Pylon  
  142  13:04  Assimilator, Stalker x3  
  148  13:18  Observer (Chrono Boost)  
  149  13:20  Stalker x2  
  151  13:36  Stalker x9  
  151  13:38  Warp Prism (Chrono Boost)  
  167  14:07  Nexus  
  145  14:29  Stalker x6  
  145  14:30  Stalker x5  
Show
View Real Time Build Order
Export as new Build Order

Mixu Zerg 

Build Orders: Hatch First 

Get SALT Encoding   

  12  0:00  Drone  
  13  0:13  Overlord  
  13  0:17  Drone  
  14  0:31  Drone x2  
  16  0:48  Hatchery  
  15  0:51  Drone  
  15  0:55  Drone  
  17  0:58  Drone  
  18  1:09  Extractor  
  17  1:13  Spawning Pool  
  17  1:16  Drone  
  17  1:19  Drone  
  18  1:28  Drone  
  19  1:40  Drone  
  20  1:50  Overlord  
  20  2:00  Queen x2  
  24  2:03  Zergling x4  
  26  2:12  Drone x2  
  26  2:13  Metabolic Boost  
  28  2:22  Drone x2  
  30  2:35  Hatchery  
  30  2:36  Drone  
  30  2:39  Drone  
  31  2:45  Overlord  
  31  2:48  Zergling x2  
  31  2:51  Queen  
  31  2:54  Drone  
  31  2:57  Zergling x2  
  35  3:05  Queen  
  35  3:06  Overlord  
  35  3:11  Drone x2  
  39  3:15  Drone x2  
  41  3:22  Drone, Overlord  
  41  3:26  Spore Crawler  
  41  3:28  Queen  
  41  3:30  Drone  
  41  3:33  Drone  
  45  3:39  Drone  
  46  3:45  Queen  
  46  3:46  Drone x2  
  46  3:47  Drone x3  
  52  3:51  Drone x2  
  52  3:53  Drone  
  52  3:54  Drone  
  56  3:59  Drone  
  56  4:01  Spore Crawler  
  56  4:03  Drone, Spore Crawler  
  56  4:09  Drone x3  
  59  4:12  Drone  
  59  4:17  Overlord  
  59  4:18  Drone x2  
  59  4:22  Zergling x2  
  59  4:23  Drone x3  
  65  4:28  Roach Warren  
  65  4:30  Overlord  
  64  4:32  Drone  
  64  4:33  Extractor  
  64  4:39  Drone x3  
  66  4:47  Drone x2  
  66  4:50  Lair  
  66  4:51  Drone x7  
  75  4:54  Overlord  
  75  4:55  Zergling x4  
  77  5:00  Queen  
  77  5:04  Overlord  
  77  5:05  Drone  
  80  5:09  Extractor  
  80  5:11  Extractor  
  80  5:13  Hatchery, Evolution Chamber  
  76  5:19  Drone x3  
  78  5:23  Spore Crawler  
  78  5:24  Drone x5  
  80  5:29  Drone  
  80  5:30  Drone x2  
  80  5:32  Overlord  
  80  5:34  Zergling x4  
  85  5:38  Overlord  
  85  5:45  Overlord, Extractor, Zerg Missile Weapons Level 1  
  85  5:49  Glial Reconstitution  
  84  5:51  Roach x4  
  84  5:53  Overlord  
  84  5:56  Roach  
  94  6:01  Roach x4  
  102  6:14  Roach x5  
  102  6:17  Zergling x4  
  114  6:19  Overlord  
  114  6:20  Ravager  
  114  6:24  Ravager  
  115  6:27  Roach x2  
  119  6:35  Roach x3  
  125  6:41  Roach x3  
  125  6:44  Roach  
  130  6:48  Roach x2  
  130  6:51  Roach x2  
  130  6:56  Roach x3  
  130  6:59  Overlord  
  130  7:00  Roach  
  130  7:05  Roach x2  
  130  7:08  Roach x3  
  134  7:14  Roach x4  
  124  7:19  Roach x2  
  124  7:20  Zergling x6  
  112  7:24  Roach x2  
  107  7:31  Roach x3  
  103  7:39  Zergling x8, Roach x2  
  103  7:42  Drone x2  
  111  7:44  Drone  
  111  7:48  Drone x3  
  114  7:52  Extractor, Roach x2  
  114  7:57  Drone x4  
  121  8:01  Queen  
  121  8:04  Roach x2  
  127  8:09  Roach x3  
  133  8:13  Drone x2  
  133  8:17  Roach x3  
  138  8:22  Roach x2  
  142  8:29  Roach  
  142  8:32  Roach x3  
  149  8:35  Roach  
  149  8:41  Overlord x2  
  140  8:50  Overlord  
  137  8:55  Roach x3  
  137  9:01  Roach  
  130  9:08  Roach  
  130  9:09  Queen  
  120  9:13  Ravager x2  
  120  9:14  Roach x4  
  120  9:16  Zergling x4  
  134  9:19  Zergling x2  
  134  9:23  Roach x2  
  139  9:28  Queen  
  139  9:30  Roach  
  143  9:34  Roach  
  143  9:35  Roach  
  147  9:40  Drone  
  148  9:46  Drone x2, Queen, Hatchery  
  148  9:50  Roach  
  145  9:57  Roach  
  145  9:58  Roach  
  147  10:03  Roach  
  148  10:07  Roach  
  148  10:10  Queen  
  148  10:12  Hatchery  
  148  10:14  Ravager x3  
  154  10:15  Roach  
  154  10:20  Roach  
  158  10:26  Roach x2  
  162  10:29  Zergling x4  
  162  10:34  Overlord  
  164  10:39  Queen  
  164  10:41  Roach  
  159  10:46  Roach  
  151  10:51  Roach x4  
  151  10:52  Queen  
  151  10:55  Ravager  
  151  10:59  Roach x2  
  141  11:05  Roach  
  141  11:09  Roach x3  
  131  11:16  Roach x2  
  128  11:18  Drone  
  128  11:20  Queen  
  128  11:24  Roach  
  127  11:33  Drone x4  
  127  11:35  Drone  
  127  11:37  Ravager  
  127  11:38  Ravager  
  134  11:40  Drone  
  134  11:46  Roach x3  
  141  11:51  Drone x3  
  144  11:54  Zerg Missile Weapons Level 2  
  144  11:55  Ravager  
  144  11:57  Drone x2  
  144  12:00  Roach  
  149  12:01  Ravager x2  
  149  12:03  Roach  
  157  12:08  Roach x3  
  157  12:14  Roach x3  
  151  12:24  Roach x5  
  143  12:31  Roach x3  
  143  12:32  Roach  
  147  12:38  Zergling x8  
  147  12:43  Roach x3  
  154  12:48  Hatchery, Zergling x6  
  156  12:55  Roach x3  
  162  12:59  Drone x4  
  162  13:02  Roach  
  162  13:05  Roach x2  
  172  13:08  Roach x2  
  172  13:11  Overlord  
  176  13:15  Overlord  
  176  13:19  Overlord  
  176  13:22  Infestation Pit  
  175  13:27  Ravager  
  175  13:28  Overlord  
  175  13:32  Roach  
  173  13:34  Roach x5  
  173  13:36  Roach  
  173  13:38  Roach x2  
  173  13:41  Roach  
  181  13:48  Roach x5  
  181  13:51  Ravager x4  
  181  13:53  Roach  
  187  13:56  Roach x2  
  187  14:02  Roach x4  
Tags
 
Add a new tag
Caveats
  • Supply blocks, unpowered buildings, or Contaminate may cause inaccurate times.
  • Supply counts are checked every 10 seconds.